 Dungeon Crawl Stone Soup version 0.28-a0-2-g643f2454ad (webtiles) character file.

Game seed: 5605632190134633722

10 Mitsuki the Insei (level 2, 0/23 HPs)
             Began as a Demigod Transmuter on July 22, 2021.
             Succumbed to an adder's poison
             ... on level 1 of the Dungeon.
             The game lasted 00:02:40 (911 turns).

Mitsuki the Insei (Demigod Transmuter)               Turns: 911, Time: 00:02:41

Health: 0/23       AC:  2    Str: 11    XL:     2   Next: 0%
Magic:  7/7        EV: 12    Int: 15    God:
Gold:   33         SH:  0    Dex: 14    Spells: 3/4 levels left

rFire   . . .      SeeInvis .     - Unarmed
rCold   . . .      Faith    .   (no shield)
rNeg    . . .      Spirit   .   a - +0 robe
rPois   .          Reflect  .   (helmet currently unavailable)
rElec   .          Harm     .   (no cloak)
rCorr   .          Rampage  .   (no gloves)
Will    .....                   (boots currently unavailable)
Stlth   +.........              (no amulet)
HPRegen 0.07/turn               (no ring)
MPRegen 0.10/turn               (no ring)

@: lethally poisoned (0 -> -3), appendages (expiring), very slightly
contaminated, invisible
A: horns 2, talons 2, high mp 1, forlorn
a: End Transformation


You were on level 1 of the Dungeon.
You had temporarily grown beastly horns and talons.
You visited 1 branch of the dungeon, and saw 2 of its levels.

You collected 33 gold pieces.

Inventory:

Hand Weapons
 c - a +0 short sword
 e - a +0 hand axe
Armour
 a - a +0 robe (worn)
 g - a +0 helmet
Scrolls
 b - a scroll of immolation {unknown}
 d - a scroll of amnesia {unknown}
Potions
 f - a potion of invisibility


   Skills:
 + Level 1.1 Fighting
 + Level 1.9 Dodging
 + Level 2.8 Unarmed Combat
 + Level 1.9 Spellcasting
 + Level 1.9 Transmutations


You had 3 spell levels left.
You knew the following spells:

 Your Spells              Type           Power      Damage    Failure   Level
b - Beastly Appendage     Tmut           14%        N/A       10%         1

Your spell library contained the following spells:

 Spells                   Type           Power      Damage    Failure   Level
 Wereblood                Tmut           7%         N/A       16%         2
 Spider Form              Tmut/Pois      2%         N/A       41%         3
 Ice Form                 Ice/Tmut       4%         N/A       83%         4


Dungeon Overview and Level Annotations

Branches:
Dungeon (2/15)


Innate Abilities, Weirdness & Mutations

You have temporarily grown beastly horns and talons.
Your attributes grow dramatically as you level up.
You have an increased reservoir of magic. (+10% MP)
You shall have no god before yourself.


Message History

You are poisoned.
The adder poisons you! The adder barely misses you.
You take 1 damage, and have 19/23 hp.
You feel sick. The kobold closely misses you.
You take 1 damage, and have 18/23 hp.
Your transformation is almost over.
You feel sick.
There is a stone staircase leading up here.
You take 1 damage, and have 17/23 hp.
You feel sick. The adder bites you.
You are more poisoned.
The adder poisons you!
The kobold hits you with a +0 short sword.
The adder bites you.
You are lethally poisoned!
The adder poisons you!
You climb upwards.
You feel very sick.
There is a stone staircase leading down here.
You take 9 damage, and have 8/23 hp.
MASSIVE DAMAGE!!
It was a potion of invisibility.
You fade into invisibility!
* * * LOW HITPOINT WARNING * * *
You feel sick.
You are very lightly contaminated with residual magic.
You take 2 damage, and have 6/23 hp.
MP restored: 7
* * * LOW HITPOINT WARNING * * *
You feel sick.
You take 2 damage, and have 4/23 hp.
* * * LOW HITPOINT WARNING * * *
You feel sick.
You take 1 damage, and have 3/23 hp.
* * * LOW HITPOINT WARNING * * *
You feel sick. The adder barely misses you.
You take 1 damage, and have 2/23 hp.
* * * LOW HITPOINT WARNING * * *
You feel sick. The kobold closely misses you. The adder completely misses you.
You take 1 damage, and have 1/23 hp.
You die...

#.# #.# #.#
#.####################
#.....................
##.......#############
#.......# #.....
#..K....########.###.
#...@S...............
###..................
#..#######.#.......
#.....#..........#.
#.###......#.#...#.
#.#........#.##..#.
############.#.##.....#.##..#.
#............#.#......#.....#.
#......^####.#.#......###.#.##


You could see an adder and a kobold.

Vanquished Creatures
  2 ball pythons (D:1)
  2 endoplasms (D:1)
  A goblin (D:1)
  2 hobgoblins (D:1)
  A bat (D:1)
  A rat (D:1)
9 creatures vanquished.

Notes
Turn   | Place    | Note
-------+----------+-------------------------------------------
     0 | D:1      | Mitsuki the Demigod Transmuter began the quest for the Orb.
     0 | D:1      | Reached XP level 1. HP: 15/15 MP: 5/5
   172 | D:1      | Reached skill level 1 in Fighting
   748 | D:1      | Reached XP level 2. HP: 23/23 MP: 5/7
   910 | D:1      | HP: 1/23 [poisoned by an adder]
   911 | D:1      | Succumbed to an adder's poison

Illustrated notes

Levels and vault maps discovered:
D:1:      wander_arrival_peaceful_grave, layout_basic,
          dreamdust_ecumenical_altar_grove, minmay_pentomino_u2
D:2:      layout_rooms

Skill      XL: |  1 |
---------------+----+-----
Fighting       | 1 |  1.1
Dodging        | |  1.9
Unarmed Combat | |  2.8
Spellcasting   | |  1.9
Transmutations | |  1.9

Action                   || total
-------------------------++-------
Melee: Unarmed           ||    21
       Headbutt          ||     4
       Kick              ||     2
 Cast: Beastly Appendage ||     9
  Use: Potion            ||     1
Armor: Robe              ||     4
Dodge: Dodged            ||    17

Table legend: (Time is in decaauts)
 A = Elapsed time spent in this place.
 B = Non-inter-level travel time spent in this place.
 C = Inter-level travel time spent in this place.
 D = Time resting spent in this place.
 E = Time spent auto-exploring this place.
 F = Levels seen in this place.
 G = Mean time per level.
                   A        B        C        D        E       F      G
               +--------+--------+--------+--------+--------+-----+--------+
         Total |    910 |    904 |      6 |      0 |    829 |   2 |  455.0 |
       Dungeon |    910 |    904 |      6 |      0 |    829 |   2 |  455.0 |
               +--------+--------+--------+--------+--------+-----+--------+

Top non-repeatable levels by time:
     D:1: 900 daAuts
     D:2: 9 daAuts
